 Dungeon Crawl Stone Soup version 0.30-a0-23-ge60ba3568b (webtiles) character file.

Game seed: 4850193692090591969

49956 Sobieck the Covert (level 14, -17/73 HPs)
             Began as a Vine Stalker Brigand on Aug 24, 2022.
             Was a Priest of Uskayaw.
             Demolished by an Ice Fiend (36 damage)
             ... summoned by a deep elf demonologist
             ... on level 2 of the Abyss.
             The game lasted 00:44:50 (14545 turns).

Sobieck the Covert (Vine Stalker Brigand)          Turns: 14545, Time: 00:44:51

Health: -17/73     AC: 16    Str: 14    XL:     14   Next: 53%
Magic:  0/33       EV: 15    Int: 20    God:    Uskayaw [***...]
Gold:   304        SH:  0    Dex: 24    Spells: 13/13 levels left

rFire   + + .      SeeInvis .    a - +8 short sword of Amae {flame, rPois Int+6 Dex+3, short}
rCold   . . .      Faith    +    (no shield)
rNeg    . . .      Spirit   +    Q - +4 ring mail "Giterr" {rF+ Regen+ Int+3}
rPois   +          Reflect  .    D - +1 helmet
rElec   .          Harm     .    c - +1 cloak
rCorr   .          Rampage  .    z - +0 pair of gloves
Will    +....      Rage     3%   v - +0 pair of boots
Stlth   +++++.....               M - amulet of faith {!P}
HPRegen 1.82/turn                m - ring of magical power
MPRegen 0.23/turn                q - ring of protection from fire

@: no status effects
A: fangs 3, regeneration 1, magic shield, antimagic bite, no potion heal 2,
[berserk 1]
a: Renounce Religion, Stomp, Line Pass


You were on level 2 of the Abyss.
You worshipped Uskayaw.
Uskayaw was pleased with you.
You visited 3 branches of the dungeon, and saw 18 of its levels.
You visited the Abyss 1 time.
You also visited: Sewer and Volcano.

You collected 943 gold pieces.
You spent 639 gold pieces at shops.


Innate Abilities, Weirdness & Mutations

You have razor-sharp teeth.
Your natural rate of healing is unusually fast.
When hurt, damage is shared between your health and your magic reserves.
Your bite disrupts and absorbs the magic of your enemies.
Potions cannot restore your health.
[You sometimes lose your temper in combat.]


   Skills:
 + Level 8.2 Fighting
 - Level 12.0 Short Blades
 * Level 6.6 Ranged Weapons
 - Level 2.0 Throwing
 - Level 4.0 Armour
 + Level 5.8 Dodging
 - Level 14.0 Stealth
 * Level 13.1 Invocations


You had 13 spell levels left.
You didn't know any spells.
Your spell library contained the following spells:

 Spells                   Type           Power      Damage    Failure   Level
 Shock                    Conj/Air       0%         1d3       36%         1
 Call Canine Familiar     Summ           0%         N/A       73%         3
 Ozocubu's Armour         Ice            0%         N/A       73%         3
 Portal Projectile        Hex/Tloc       0%         N/A       73%         3
 Swiftness                Air            0%         N/A       73%         3
 Airstrike                Air            0%         2d(0-16)  98%         4
 Animate Armour           Summ/Erth      0%         N/A       98%         4
 Leda's Liquefaction      Hex/Erth       0%         N/A       98%         4
 Blade Hands              Tmut           0%         N/A       100%        5
 Iron Shot                Conj/Erth      0%         9d1       100%        6
 Ozocubu's Refrigeration  Ice            0%         4d7       100%        7

Inventory:

Hand Weapons
 a - the +8 short sword of Amae (weapon) {flame, rPois Int+6 Dex+3, short}
   (You found it on level 8 of the Dungeon)

   It burns those it strikes, dealing additional fire damage.
   Int:       It affects your intelligence (+6).
   Dex:       It affects your dexterity (+3).
   rPois:     It protects you from poison.
 b - the +9 heavy crossbow "Sniper" {vorpal, Acc+∞ SInv}
   (You found it on level 3 of the Lair of Beasts)

   Any ammunition fired from it inflicts extra damage upon your enemies.
   Any ammunition fired from it never misses its target.
   SInv:      It lets you see invisible.
 X - a +9 arbalest {crossbow}
   (You found it on level 13 of the Dungeon)
Missiles
 e - 3 curare-tipped darts {=fthrowing}
 j - a throwing net {=f!fthrowing}
 l - 11 boomerangs {throwing}
 L - 5 silver javelins {throwing}
 O - a silver boomerang {throwing}
 W - 7 javelins {throwing}
Armour
 c - a +1 cloak (worn)
 v - a +0 pair of boots (worn)
   (You bought it in a shop on level 5 of the Dungeon)
 z - a +0 pair of gloves (worn)
   (You found it on level 2 of the Dungeon)
 D - a +1 helmet (worn)
   (You bought it in a shop on level 5 of the Dungeon)
 Q - the +4 ring mail "Giterr" (worn) {rF+ Regen+ Int+3}
   (You bought it in a shop on level 5 of the Dungeon)

   Int:       It affects your intelligence (+3).
   rF:        It protects you from fire.
   Regen:     It increases your rate of health regeneration.
Jewellery
 h - a ring of poison resistance
   (You found it on level 2 of the Lair of Beasts)
 m - a ring of magical power (left hand)
   (You found it on level 5 of the Dungeon)
 q - a ring of protection from fire (right hand)
   (You found it on level 5 of the Dungeon)
 s - the ring of Scepticism {rF+ rCorr}
   (You found it on level 5 of the Dungeon)

   [ring of resist corrosion]

   rF:        It protects you from fire.
   rCorr:     It protects you from acid and corrosion.
 E - a ring of see invisible
   (You found it on level 5 of the Dungeon)
 G - a +6 ring of dexterity
   (You found it on level 6 of the Dungeon)
 I - a ring of flight
   (You took it off an orc on level 8 of the Dungeon)
 M - an amulet of faith (around neck) {!P}
   (You found it on level 9 of the Dungeon)
 N - a ring of protection from cold
   (You found it on level 9 of the Dungeon)
 R - an amulet of reflection
   (You found it on level 8 of the Dungeon)
Wands
 u - a wand of digging (11)
   (You found it on level 2 of the Dungeon)
 y - a wand of polymorph (9)
   (You took it off Ijyb on level 4 of the Dungeon)
 H - a wand of acid (30)
   (You found it on level 7 of the Dungeon)
 S - a wand of flame (6)
   (You found it on level 4 of the Lair of Beasts)
 U - a wand of roots (10)
   (You found it on level 9 of the Dungeon)
Scrolls
 d - 2 scrolls of magic mapping {!r}
 f - 6 scrolls of teleportation {@r4}
 i - a scroll of silence {!r}
 k - a scroll of butterflies {unknown}
 o - a scroll of amnesia
 p - 4 scrolls of vulnerability {!r!r}
 w - 4 scrolls of enchant weapon
 C - 2 scrolls of blinking {!r}
 J - 4 scrolls of torment {!r}
 P - a scroll of noise {!r}
 V - 6 scrolls of fear
Potions
 g - 6 potions of curing {@q1}
 n - 2 potions of brilliance
 r - a potion of haste {@q3}
 t - 2 potions of degeneration {!q@e2}
 x - 2 potions of might
 A - 2 potions of attraction {!q}
 F - 3 potions of lignification {!q}
 K - 2 potions of magic
 T - a potion of invisibility
 Y - 2 potions of ambrosia
 Z - a potion of mutation {!q}

Dungeon Overview and Level Annotations

Branches:
Dungeon (13/15) Zot: 26659  Temple (1/1) D:5 Zot: 5987    Lair (4/5) D:11 Zot: 21398
  Swamp (0/4) Lair:2       Spider (0/4) Lair:3          Orc (0/2) D:10
  Sewer (visited)         Volcano (visited)
  Slime: Lair:4-5    Vaults: D:13-14

Altars:
Ashenzari
Cheibriados
Gozag
Hepliaklqana
Kikubaaqudgha
Makhleb
Qazlal
Trog
Uskayaw
Vehumet

Shops:
D:4 *!   D:5 !*[

Annotations:
D:9 3 runed translucent doors, SirDiesAlot's ghost, novice DsFE
D:11 6 transporters
Lair:2 4 transporters, Gesod's ghost, journeyman MiHu

...#.###. ##
. ### ....# .
.## #.#.## #
#.. ## . ...#
.#...#. .
#..# ##
#......#
#.##3# # ##..
# #..#e#
#.#.#..###41#
#.###...#)@#
..#
.####..### #
. ... #.## .
# ..##.. .
.##. # #.. ##
. # # .# . ..
# ##


You could see an Ice Fiend (summoned), a deep elf demonologist, an orange demon
(summoned) and a sixfirhy (summoned).


Message History

A small abomination comes into view.
Danger!
You shoot a bolt. The bolt hits the small abomination!
The small abomination hits you!
The small abomination barely misses you.
The small abomination misses you.
You feel clever.
You feel agile.
The +8 short sword of Amae {flame, rPois Int+6 Dex+3, short} bursts into flame!
a - the +8 short sword of Amae (weapon)
{flame, rPois Int+6 Dex+3, short} The small abomination barely misses you.
Unknown command.
You hit the small abomination. You burn the small abomination.
You hit the small abomination but do no damage.
The small abomination hits you but does no damage.
You closely miss the small abomination. Your bite misses the small abomination.
The small abomination closely misses you.
Unknown command.
You hit the small abomination but do no damage.
You bite the small abomination, but do no damage.
The small abomination barely misses you.
You closely miss the small abomination. You bite the small abomination.
You drain its power.
You feel invigorated.
You barely miss the small abomination. Your bite misses the small abomination.
The small abomination hits you but does no damage.
You barely miss the small abomination. Your bite misses the small abomination.
The small abomination hits you.
You puncture the small abomination! You burn the small abomination.
You destroy the small abomination!
You can now pass through a line of other dancers.
No target in view!
The +8 short sword of Amae {flame, rPois Int+6 Dex+3, short} stops flaming.
b - the +9 heavy crossbow "Sniper" (weapon)
{vorpal, Acc+∞ SInv} A reaper comes into view.
It is wielding a +1 scythe of venom.
Danger!
You shoot a bolt. The bolt hits the reaper!!
Unknown command.
You shoot a bolt.
The bolt hits the reaper but does no damage.
The reaper hits you but does no damage. The reaper closely misses you.
The reaper shouts, "Death awaits you!" The reaper hits you but does no damage.
You feel clever.
You feel agile.
The +8 short sword of Amae {flame, rPois Int+6 Dex+3, short} bursts into flame!
a - the +8 short sword of Amae (weapon)
{flame, rPois Int+6 Dex+3, short} Unknown command.
A lurking horror comes into view.
The reaper closely misses you.
Unknown command.
You hit the reaper but do no damage. Your bite misses the reaper.
The reaper hits you with a +1 scythe of venom!!
You hear a shout!
You barely miss the reaper. You bite the reaper! You drain its power.
You feel invigorated.
A deep elf demonologist comes into view.
It is wielding a +0 rapier.
You can now pass through a line of other dancers.
You hit the reaper but do no damage. You bite the reaper, but do no damage.
The reaper hits you with a +1 scythe of venom!
You puncture the reaper! You burn the reaper.
You bite the reaper, but do no damage.
Unknown command.
You hit the reaper. You burn the reaper. You bite the reaper, but do no damage.
The reaper barely misses you.
Unknown command.
You hit the reaper but do no damage. You bite the reaper, but do no damage.
The deep elf demonologist gestures wildly while chanting.
Unknown command.
You closely miss the reaper. Your punch misses the reaper.
You bite the reaper, but do no damage.
The reaper hits you with a +1 scythe of venom!!
* * * LOW HITPOINT WARNING * * *
Unknown command.
You completely miss the reaper. Your bite misses the reaper.
The deep elf demonologist casts a spell.
The orange demon stings you but does no damage.
Unknown command.
You puncture the reaper! You burn the reaper. You bite the reaper!
You drain its power.
You feel invigorated. The reaper hits you but does no damage.
Uskayaw will force your foes to helplessly watch your dance.
Uskayaw prepares the audience for your solo!
The helpless reaper fails to defend itself.
You skewer the reaper like a kebab!!!! You burn the reaper.
You kill the reaper!
You feel the corruption within you wane somewhat.
You feel clever.
You no longer become unable to read scrolls after taking damage.
Unknown command.
The deep elf demonologist is no longer paralysed.
You see here a +1 scythe of venom {polearm}.
The helpless lurking horror fails to defend itself.
You skewer the lurking horror like a kebab!!!!!
You burn the lurking horror.
Your body is wracked with pain!
* * * LOW HITPOINT WARNING * * *
The deep elf demonologist convulses!
The Ice Fiend is no longer paralysed.
The orange demon is no longer paralysed.
The sixfirhy is no longer paralysed.
The Ice Fiend claws you!
* * * LOW HITPOINT WARNING * * *
The Ice Fiend freezes you!!!
You die...

Skill      XL: |  1  2  3  4  5  6  7  8  9 10 11 12 13 14 |
---------------+-------------------------------------------+-----
Short Blades   | 2 3 5 6 8 10 11 12 | 12.0
Fighting       | 2 4 5 6 7 8 |  8.2
Dodging        | 1 3 4 5 |  5.8
Stealth        | 5 7 9 12 13 14 | 14.0
Invocations    | 1 5 8 10 11 12 13 | 13.1
Throwing       | 2 |  2.0
Armour         | 2 4 |  4.0
Ranged Weapons | 1 5 6 |  6.6

Action                   |  1- 3 |  4- 6 |  7- 9 | 10-12 | 13-15 || total
-------------------------+-------+-------+-------+-------+-------++-------
Melee: Dagger            |    73 |   144 |   289 |    25 |       ||   531
       Bite              |     7 |    28 |    77 |   142 |   115 ||   369
       Punch             |       |     2 |     5 |     3 |     6 ||    16
       Short sword       |       |       |       |   351 |   281 ||   632
 Fire: Shortbow          |       |       |    10 |   117 |       ||   127
       Arbalest          |       |       |       |     6 |    57 ||    63
       Heavy crossbow    |       |       |       |       |    77 ||    77
Evoke: Wand              |       |       |       |     3 |       ||     3
  Use: Potion            |       |     2 |     1 |     1 |       ||     4
       Scroll            |       |    11 |     5 |     7 |     7 ||    30
 Stab: Sleeping          |    16 |     8 |    15 |     6 |       ||    45
       Distracted        |       |     1 |     1 |     2 |       ||     4
       Paralysed         |       |       |    13 |    41 |    26 ||    80
Armor: Robe              |    10 |    54 |    64 |    30 |       ||   158
       Skin              |       |       |     3 |       |       ||     3
       Troll leather arm |       |       |       |     7 |       ||     7
       Ring mail         |       |       |       |    27 |    78 ||   105
Dodge: Dodged            |    28 |    67 |   107 |   149 |   124 ||   475
Block: Other             |       |       |       |     3 |       ||     3

Levels and vault maps discovered:
D:1:      dpeg_arrival_fog, layout_basic, basic_ecumenical_altar
D:2:      kennysheep_six_static_rooms, layout_basic
D:3:      layout_basic, portal_sewer_entry_e, minmay_surrounded
D:4:      minmay_chambers_of_twos, layout_basic, serial_shops, shop,
          st_stairs_2, minmay_misc_feat_columns, kennysheep_small_spiral,
          nicolae_alphabet_shops, uniq_ijyb
D:5:      layout_gridville, nicolae_overflow_hidden_temple,
          minmay_temple_entry_mist, serial_shops, nicolae_shop_waterfront, shop,
          kennysheep_mini_moat, uniq_blork_the_orc, uniq_grinder
D:6:      layout_gridville
D:7:      layout_loops_ring, kennysheep_generic_room_13
D:8:      layout_basic
D:9:      layout_basic, gammafunk_ghost_hydra_chop
D:10:     layout_gridville, orc_0_dummy, item_on_display_a
D:11:     layout_basic, dpeg_lair_monsters, serial_nicolae_subway,
          nicolae_sub_station_crystal, nicolae_sub_station_stone,
          nicolae_sub_station_metal
D:12:     layout_rooms
D:13:     minmay_the_grid_octo_tiled_squarecenter [minmay_the_grid_octo_teeth,
          minmay_the_grid_octo_77, minmay_the_grid_octo_empty,
          minmay_the_grid_octo_concentric,
          minmay_the_grid_square_5x5_megaprize_hollow,
          minmay_the_grid_square_5x5_two_walls_b,
          minmay_the_grid_square_5x5_tie, minmay_the_grid_square_5x5_meh,
          minmay_the_grid_square_5x5_three_walls], layout_gridville,
          lightli_vaults_fourway_checkpoint
Temple:   nicolae_temple_bog_church
Lair:1:   layout_chaotic_city
Lair:2:   gammafunk_worm_tunnel, layout_regular_city, swamp_mist_pool,
          gammafunk_ghost_wrathful_warriors, fungi_pond_lemuel
Lair:3:   layout_roguey, spider_nest_entry_rubble
Lair:4:   layout_long_grid, enter_volcano_4, bobbens_dragon_lair_wall,
          infiniplex_staircase_pool, serial_bayou_shore_b, uniq_urug
Abyss:2:  base: Volcano, minivault_19, patterned_corridor, due_exit_kobolds
Volcano:  volcano_bunker

Notes
Turn   | Place    | Note
-------+----------+-------------------------------------------
     0 | D:1      | Sobieck the Vine Stalker Brigand began the quest for the
                  | Orb.
     0 | D:1      | Reached XP level 1. HP: 11/11 MP: 2/2
    44 | D:1      | Reached skill level 2 in Short Blades
   153 | D:1      | Found a faded altar of an unknown god.
   182 | D:1      | Reached XP level 2. HP: 15/15 MP: 3/3
   581 | D:1      | Reached skill level 3 in Short Blades
   893 | D:2      | Reached XP level 3. HP: 18/18 MP: 4/4
  1520 | D:2      | Gained mutation: Your natural rate of healing is unusually
                  | fast. [Vine Stalker growth]
  1520 | D:2      | Reached XP level 4. HP: 23/23 MP: 5/5
  1737 | D:3      | Reached skill level 4 in Short Blades
  1756 | D:3      | You add the spells Ozocubu's Armour and Ozocubu's
                  | Refrigeration to your library.
  1807 | D:3      | Found a glowing drain.
  1819 | Sewer    | Entered a sewer
  1904 | Sewer    | Noticed Pargi
  1942 | Sewer    | Killed Pargi
  1943 | Sewer    | Reached skill level 5 in Short Blades
  1943 | Sewer    | Reached XP level 5. HP: 20/26 MP: 6/6
  2755 | D:4      | Reached XP level 6. HP: 30/30 MP: 7/7
  2794 | D:4      | Reached skill level 6 in Short Blades
  2855 | D:4      | Noticed Ijyb
  2861 | D:4      | Killed Ijyb
  2965 | D:4      | Reached XP level 7. HP: 30/34 MP: 5/8
  3434 | D:4      | Reached skill level 7 in Short Blades
  3850 | D:4      | Found Potoy's Practical Paraphernalia.
  3854 | D:4      | Found Vikaz's Distillery.
  4197 | D:5      | Entered Level 5 of the Dungeon
  4235 | D:5      | Noticed Blork the orc
  4251 | D:5      | Killed Blork the orc
  4352 | D:5      | Found Jocuz's Distillery.
  4361 | D:5      | Reached skill level 8 in Short Blades
  4410 | D:5      | Gained mutation: You have razor-sharp teeth. [Vine Stalker
                  | growth]
  4410 | D:5      | Reached XP level 8. HP: 32/38 MP: 7/9
  4493 | D:5      | Identified the ring of Scepticism {rF+ rCorr}
  4561 | D:5      | Found a staircase to the Ecumenical Temple.
  4568 | Temple   | Entered the Ecumenical Temple
  4574 | Temple   | Became a worshipper of Uskayaw the Reveller
  4599 | D:5      | Reached * piety under Uskayaw
  4602 | D:5      | Reached ** piety under Uskayaw
  4661 | D:5      | Found Olaecud's General Store.
  4688 | D:5      | Noticed Grinder
  4702 | D:5      | Reached *** piety under Uskayaw
  4703 | D:5      | Killed Grinder
  4704 | D:5      | Reached skill level 9 in Short Blades
  4814 | D:5      | You pick up a book of the Hunter and begin reading...
  4814 | D:5      | You add the spells Call Canine Familiar, Portal Projectile
                  | and Leda's Liquefaction to your library.
  5039 | D:5      | Found Liysupyi's Armour Shoppe.
  5042 | D:5      | Bought a +0 helmet for 54 gold pieces
  5042 | D:5      | Bought a +0 pair of boots for 54 gold pieces
  5126 | D:5      | Found a snail-covered altar of Cheibriados.
  5128 | D:5      | Found a broken altar of Ashenzari.
  5327 | D:6      | Reached skill level 10 in Short Blades
  5335 | D:6      | Reached skill level 2 in Fighting
  5335 | D:6      | Reached skill level 1 in Dodging
  5335 | D:6      | Reached skill level 5 in Stealth
  5335 | D:6      | Reached skill level 1 in Invocations
  5364 | D:6      | Reached skill level 2 in Throwing
  5364 | D:6      | Reached XP level 9. HP: 42/42 MP: 11/11
  5467 | D:6      | Reached skill level 2 in Invocations
  5583 | D:6      | Reached **** piety under Uskayaw
  5994 | D:7      | Reached skill level 3 in Invocations
  6062 | D:7      | Reached skill level 2 in Dodging
  6165 | D:7      | Reached skill level 6 in Stealth
  6173 | D:7      | Reached skill level 3 in Fighting
  6182 | D:7      | Reached ***** piety under Uskayaw
  6275 | D:7      | Reached skill level 4 in Invocations
  6680 | D:7      | Reached skill level 3 in Dodging
  6680 | D:7      | Reached skill level 7 in Stealth
  6680 | D:7      | Reached skill level 5 in Invocations
  6682 | D:7      | Noticed a hornet
  6690 | D:7      | Killed a hornet
  6691 | D:7      | Reached skill level 4 in Fighting
  6691 | D:7      | Reached XP level 10. HP: 49/49 MP: 15/15
  7002 | D:8      | Identified the +8 short sword of Amae {flame, rPois Int+6
                  | Dex+3}
  7121 | D:8      | Reached skill level 6 in Invocations
  7536 | D:9      | Noticed a cyclops
  7557 | D:9      | Killed a cyclops
  7558 | D:9      | Reached skill level 8 in Stealth
  7776 | D:9      | Reached skill level 7 in Invocations
  7963 | D:9      | Reached skill level 5 in Fighting
  7976 | D:9      | Reached ****** piety under Uskayaw
  7979 | D:9      | Reached skill level 9 in Stealth
  7979 | D:9      | Reached skill level 8 in Invocations
  8021 | D:9      | Noticed a two-headed ogre
  8024 | D:9      | Killed a two-headed ogre
  8025 | D:9      | Reached XP level 11. HP: 55/55 MP: 18/18
  8049 | D:9      | Noticed a centaur warrior
  8056 | D:9      | Killed a centaur warrior
  8057 | D:9      | Reached skill level 9 in Invocations
  8167 | D:9      | Reached skill level 10 in Stealth
  8413 | D:9      | Found a runed translucent gate.
  8413 | D:9      | Found a runed translucent gate.
  8413 | D:9      | Found a runed translucent gate.
  8414 | D:9      | Noticed SirDiesAlot's ghost (novice DsFE)
  8414 | D:9      | Noticed a ten-headed hydra
  8439 | D:10     | Entered Level 10 of the Dungeon
  8439 | D:10     | Noticed a two-headed ogre
  8440 | D:10     | Killed a two-headed ogre
  8501 | D:10     | Found a staircase to the Orcish Mines.
  8550 | D:10     | Reached skill level 10 in Invocations
  8583 | D:10     | Reached skill level 11 in Stealth
  8653 | D:10     | You pick up a book of Air and begin reading...
  8653 | D:10     | You add the spells Shock, Swiftness and Airstrike to your
                  | library.
  9214 | D:11     | Found a transporter.
  9254 | D:11     | Found a transporter.
  9412 | D:11     | Noticed a boulder beetle
  9427 | D:11     | Killed a boulder beetle
  9473 | D:11     | Reached skill level 12 in Stealth
  9489 | D:11     | Found a transporter.
  9519 | D:11     | Found a transporter.
  9520 | D:11     | Found a transporter.
  9534 | D:11     | Noticed a two-headed ogre
  9541 | D:11     | Killed a two-headed ogre
  9542 | D:11     | Reached skill level 6 in Fighting
  9542 | D:11     | Reached skill level 11 in Short Blades
  9542 | D:11     | Reached XP level 12. HP: 61/61 MP: 20/20
  9578 | D:11     | Noticed a two-headed ogre
  9590 | D:11     | Killed a two-headed ogre
  9673 | D:11     | Noticed a death yak
  9674 | D:11     | Noticed a death yak
  9676 | D:11     | Noticed a death yak
  9695 | D:11     | Killed a death yak
  9697 | D:11     | Killed a death yak
  9698 | D:11     | Reached skill level 12 in Short Blades
  9711 | D:11     | Killed a death yak
  9731 | D:11     | Found a transporter.
  9740 | D:11     | Found a staircase to the Lair.
  9957 | D:12     | Reached skill level 1 in Armour
 10531 | D:5      | Bought the +4 ring mail "Giterr" {rF+ Regen+ Int+3} for 531
                  | gold pieces
 11058 | D:13     | Reached skill level 2 in Armour
 11063 | D:13     | HP: 13/62 [manticore (6)]
 11101 | D:13     | Noticed an eight-headed hydra
 11111 | D:13     | Killed an eight-headed hydra
 11112 | D:13     | Reached skill level 4 in Dodging
 11112 | D:13     | Reached skill level 11 in Invocations
 11352 | Lair:1   | Entered Level 1 of the Lair of Beasts
 11385 | Lair:1   | Reached skill level 1 in Ranged Weapons
 11397 | Lair:1   | Reached XP level 13. HP: 66/66 MP: 22/22
 11507 | Lair:1   | Reached skill level 2 in Ranged Weapons
 11655 | Lair:1   | Reached skill level 7 in Fighting
 12153 | Lair:2   | Found a transporter.
 12182 | Lair:2   | Reached skill level 3 in Armour
 12183 | Lair:2   | Reached skill level 13 in Stealth
 12195 | Lair:2   | Reached skill level 3 in Ranged Weapons
 12208 | Lair:2   | Found a transporter.
 12319 | Lair:2   | Found a staircase to the Swamp.
 12482 | Lair:2   | Found a transporter.
 12687 | Lair:2   | Found a transporter.
 12690 | Lair:2   | Found a bloodstained altar of Trog.
 12699 | Lair:2   | Noticed Gesod's ghost (journeyman MiHu)
 12977 | Lair:3   | Found a hole to the Spider Nest.
 12978 | Lair:3   | Found the +9 heavy crossbow "Sniper" {vorpal, Acc+∞ SInv}
 13071 | Lair:3   | Reached skill level 4 in Ranged Weapons
 13231 | Lair:3   | Reached skill level 12 in Invocations
 13269 | Lair:3   | Reached skill level 5 in Dodging
 13417 | Lair:3   | You pick up a book of Iron and begin reading...
 13417 | Lair:3   | You add the spells Animate Armour, Blade Hands and Iron
                  | Shot to your library.
 13632 | Lair:4   | Noticed Urug
 13635 | Lair:4   | Reached skill level 4 in Armour
 13640 | Lair:4   | Killed Urug
 13641 | Lair:4   | Reached skill level 5 in Ranged Weapons
 13641 | Lair:4   | Reached XP level 14. HP: 49/72 MP: 20/24
 13943 | Lair:4   | Found a dark tunnel.
 13950 | Volcano  | Entered a volcano
 14018 | Volcano  | You are cast into the Abyss!
 14018 | Abyss:2  | Cast into level 2 of the Abyss (a wizard)
 14030 | Abyss:2  | Noticed a starcursed mass
 14055 | Abyss:2  | Reached skill level 8 in Fighting
 14068 | Abyss:2  | Reached skill level 14 in Stealth
 14140 | Abyss:2  | Noticed a cyan very ugly thing
 14154 | Abyss:2  | Noticed a starcursed mass
 14182 | Abyss:2  | Noticed a tentacled monstrosity
 14184 | Abyss:2  | HP: 14/70 [rock wall collision (14)]
 14190 | Abyss:2  | Reached skill level 6 in Ranged Weapons
 14364 | Abyss:2  | Noticed a tentacled starspawn
 14376 | Abyss:2  | Killed a tentacled starspawn
 14377 | Abyss:2  | Reached skill level 13 in Invocations
 14528 | Abyss:2  | Noticed a reaper
 14534 | Abyss:2  | Noticed a deep elf demonologist
 14541 | Abyss:2  | Noticed an Ice Fiend
 14542 | Abyss:2  | Killed a reaper
 14545 | Abyss:2  | Demolished by an Ice Fiend

Vanquished Creatures
  A tentacled starspawn (Abyss:2)
  A reaper (Abyss:2)
  A fire dragon (Lair:4)
  A blizzard demon (Abyss:2)
  5 hydras
  A boulder beetle (D:11)
  4 two-headed ogres
  A centaur warrior (D:9)
  3 death yaks (D:11)
  Urug (Lair:4)
  A sixfirhy (Abyss:2)
  A fire crab (shapeshifter) (D:13)
  4 wizards (Volcano)
  A deep elf pyromancer (D:12)
  A manticore (D:13)
  5 cyclopes
  5 starcursed masses (Abyss:2)
  4 large abominations (Abyss:2)
  2 toenail golems (Volcano)
  A smoke demon (Abyss:2)
  3 black mambas
  4 rime drakes (Lair:4)
  8 cane toads
  A gargoyle (D:11)
  8 komodo dragons
  2 unseen horrors
  A kobold demonologist (D:11)
  An efreet (D:13)
  3 trolls
  2 hornets
  Grinder (D:5)
  5 blink frogs (Lair:3)
  2 shadows (D:11)
  A culicivora (Lair:3)
  3 wyverns
  6 wraiths
  5 basilisks
  50 yaks
  3 neqoxecs (Abyss:2)
  A fire bat (Abyss:2)
  4 vampire mosquitoes
  11 steam dragons (Lair:4)
  2 acid dragons
  2 small abominations (Abyss:2)
  9 water moccasins
  A black bear (D:6)
  3 orc warriors
  Pargi (Sewer)
  3 ice beasts (D:7)
  3 sky beasts (D:7)
  3 centaurs
  17 wolves
  2 ogres
  2 phantoms
  2 kobold brigands
  12 bullfrogs
  3 scorpions
  Blork the orc (D:5)
  3 gnoll sergeants
  A necrophage (D:5)
  14 killer bees
  8 howler monkeys
  2 orc priests
  3 gnoll boudas
  9 hounds
  An iguana (D:6)
  Ijyb (D:4)
  3 hell rats (D:11)
  7 orc wizards
  7 adders
  2 river rats
  26 gnolls
  A shadow imp (D:7)
  2 white imps
  An ufetubus (D:6)
  4 worms
  3 dart slugs
  36 orcs
  6 endoplasms
  5 giant cockroaches
  9 goblins
  6 hobgoblins
  3 jackals (D:4)
  24 kobolds
  6 quokkas
  14 ball pythons
  3 bats
  13 frilled lizards
  11 rats
  A lurking horror (Abyss:2)
  2 starspawn tentacles (Abyss:2)
472 creatures vanquished.

Vanquished Creatures (collateral kills)
  A necromancer (Abyss:2)
1 creature vanquished.

Vanquished Creatures (others)
  10 fungi
  6 plants
  4 starspawn tentacles (Abyss:2)
20 creatures vanquished.

Grand Total: 493 creatures vanquished

Table legend:
 A = Non-vault XP
 B = Vault XP
 C = Vault XP percentage of total XP
 D = Non-vault monster count
 E = Vault monster count
 F = Vault count percentage of total count
                 A         B        C        D         E       F
            +---------+---------+-------+---------+---------+-------
      Total |   57082 |   14285 |  20.0 |     390 |      80 |  17.0
            +---------+---------+-------+---------+---------+-------
        D:1 |      32 |       0 |   0.0 |      20 |       0 |   0.0
        D:2 |      28 |      24 |  46.2 |      15 |       6 |  28.6
        D:3 |      66 |      27 |  29.0 |      19 |      10 |  34.5
        D:4 |     409 |     210 |  33.9 |      27 |      11 |  28.9
        D:5 |     569 |     371 |  39.5 |      12 |       2 |  14.3
        D:6 |     901 |       0 |   0.0 |      16 |       0 |   0.0
        D:7 |    1587 |     402 |  20.2 |      35 |       2 |   5.4
        D:8 |     842 |       0 |   0.0 |      19 |       0 |   0.0
        D:9 |    5161 |       0 |   0.0 |      33 |       0 |   0.0
       D:10 |    4730 |       0 |   0.0 |      36 |       0 |   0.0
       D:11 |    5106 |    2576 |  33.5 |      27 |      11 |  28.9
       D:12 |    4154 |       0 |   0.0 |      13 |       0 |   0.0
       D:13 |    1689 |    1558 |  48.0 |       4 |       3 |  42.9
     Lair:1 |    5219 |       0 |   0.0 |      27 |       0 |   0.0
     Lair:2 |    8150 |       0 |   0.0 |      33 |       0 |   0.0
     Lair:3 |    6998 |     215 |   3.0 |      25 |       1 |   3.8
     Lair:4 |    2408 |    5255 |  68.6 |       7 |      17 |  70.8
    Abyss:2 |    9033 |       0 |   0.0 |      22 |       0 |   0.0
      Sewer |       0 |     167 | 100.0 |       0 |      11 | 100.0
    Volcano |       0 |    3480 | 100.0 |       0 |       6 | 100.0
            +---------+---------+-------+---------+---------+-------

Illustrated notes

Table legend:
 A = Kills in this place as a percentage of kills in entire the game.
 B = Kills by you in this place as a percentage of kills by you in the entire game.
 C = Kills by friends in this place as a percentage of kills by friends in the entire game.
 D = Other kills in this place as a percentage of other kills in the entire game.
 E = Experience gained in this place as a percentage of experience gained in the entire game.
 F = Experience gained in this place divided by the number of levels of this place that you have seen.
                   A       B       C       D       E      F
               +-------+-------+-------+-------+-------+----------------------
         Total | 100.0 | 100.0 | 100.0 |   N/A | 100.0 | 3398.4
       Dungeon |  68.3 |  68.4 |   0.0 |   N/A |  42.7 | 2341.7
          Lair |  23.4 |  23.5 |   0.0 |   N/A |  39.6 | 7061.2
         Abyss |   4.7 |   4.5 | 100.0 |   N/A |  12.7 | 9033.0
         Sewer |   2.3 |   2.3 |   0.0 |   N/A |   0.2 | 167.0
       Volcano |   1.3 |   1.3 |   0.0 |   N/A |   4.9 | 3480.0
               +-------+-------+-------+-------+-------+----------------------

Table legend: (Time is in decaauts)
 A = Elapsed time spent in this place.
 B = Non-inter-level travel time spent in this place.
 C = Inter-level travel time spent in this place.
 D = Time resting spent in this place.
 E = Time spent auto-exploring this place.
 F = Levels seen in this place.
 G = Mean time per level.
                   A        B        C        D        E       F      G
               +--------+--------+--------+--------+--------+-----+--------+
         Total |  14244 |  13329 |    915 |    583 |   9358 |  21 |  678.3 |
       Dungeon |  10849 |  10026 |    823 |    548 |   7285 |  13 |  834.5 |
        Temple |     12 |      6 |      6 |      0 |      0 |   1 |   12.0 |
          Lair |   2602 |   2517 |     85 |      9 |   1943 |   4 |  650.5 |
         Abyss |    501 |    501 |      0 |     26 |     82 |   1 |  501.0 |
         Sewer |    202 |    202 |      0 |      0 |     47 |   1 |  202.0 |
       Volcano |     75 |     75 |      0 |      0 |      0 |   1 |   75.0 |
               +--------+--------+--------+--------+--------+-----+--------+

Top non-repeatable levels by time:
     D:4: 1403 daAuts
     D:5: 1042 daAuts
     D:9: 973 daAuts
    D:12: 905 daAuts
     D:3: 904 daAuts
     D:1: 879 daAuts
     D:7: 800 daAuts
     D:8: 792 daAuts
  Lair:1: 779 daAuts
     D:6: 773 daAuts
     D:2: 768 daAuts
    D:10: 751 daAuts
  Lair:2: 745 daAuts
  Lair:3: 671 daAuts
    D:11: 656 daAuts
